 Dungeon Crawl Stone Soup version 0.31-a0-182-gc5ef74bbde (webtiles) character file.

Game seed: 4479465478085046225

203 qw the Chopper (level 5, -1/32 HPs)
             Began as a Gargoyle Fighter on June 20, 2023.
             Slain by Duvessa
             ... wielding a +0 vampiric short sword
              (3 damage)
             ... on level 4 of the Dungeon.
             The game lasted 00:01:10 (2520 turns).

qw the Chopper (Gargoyle Fighter)                   Turns: 2520, Time: 00:01:11

Health: -1/32      AC: 16    Str: 21    XL:     5   Next: 81%
Magic:  5/5        EV:  5    Int:  9    God:
Gold:   76         SH:  4    Dex:  9    Spells: 4/4 levels left

rFire   . . .        Y - +0 war axe
rCold   . . .        c - +0 buckler
rNeg    + . .        e - +0 plate armour
rPois   inf          (no helmet)
rElec   +            (no cloak)
rCorr   .            (no gloves)
SInv    .            f - +0 pair of boots
Will    .....        (no amulet) Stlth
                     (no ring)
HPRegen 0.25/turn    (no ring)
MPRegen 0.09/turn

%: no passive effects
@: no status effects
A: sickness immunity, AC +4, negative energy resistance 1, electricity
resistance, torment resistance 1, petrification resistance
a: no special abilities


You were on level 4 of the Dungeon.
You visited 1 branch of the dungeon, and saw 4 of its levels.

You collected 121 gold pieces.
You spent 45 gold pieces at shops.


Innate Abilities, Weirdness & Mutations

You are immune to sickness and miasma.
Your stone body is resilient. (AC +4)
You are immune to poison.
You resist negative energy. (rN+)
You are resistant to electric shocks. (rElec)
You are resistant to unholy torment.
You are immune to petrification.


   Skills:
 + Level 3.3 Fighting
 - Level 5.3 Axes
 - Level 3.2 Armour
 - Level 3.2 Shields


You had 4 spell levels left.
You didn't know any spells.
Your spell library was empty.

Inventory:

Hand Weapons
 i - a +0 flail
 Y - a +0 war axe (weapon)
Armour
 c - a +0 buckler (worn)
 e - a +0 plate armour (worn)
 f - a +0 pair of boots (worn)
Scrolls
 g - a scroll of identify
Potions
 d - a potion of might
 h - a potion of cancellation {unknown}
 j - a potion of mutation {unknown}
 k - a potion of haste {unknown}

Dungeon Overview and Level Annotations

Branches:
Dungeon (4/15)
 Temple: D:4-7

Altars:

Shops:
D:2 (

Annotations:
D:4 Dowan, Duvessa


Message History

Duvessa hits you with a +0 vampiric short sword.
You closely miss Dowan.
Dowan is lightly wounded.
You barely miss Duvessa.
Dowan points at you and mumbles some strange words.
The puff of frost hits you. Duvessa hits you but does no damage.
You barely miss Dowan.
Dowan is lightly wounded.
You hit Duvessa but do no damage. Dowan hits you but does no damage.
Duvessa hits you but does no damage.
You miss Dowan.
Dowan is lightly wounded.
You hit Duvessa. Dowan gestures at you while chanting.
You resist with some effort. Duvessa hits you but does no damage.
Dowan says, "My weaknesses are her strengths!"
Dowan gestures at Duvessa while chanting.
Duvessa seems to speed up.
Duvessa hits you but does no damage.
You slash Duvessa!
Duvessa is moderately wounded.
You closely miss Dowan.
Duvessa hits you with a +0 vampiric short sword!
Dowan barely misses you.
You slash Duvessa!
Duvessa is severely wounded.
You slash Dowan!
Duvessa hits you with a +0 vampiric short sword.
Duvessa hits you with a +0 vampiric short sword!
Dowan points at you and mumbles some strange words.
The puff of frost hits you but does no damage.
You hit Duvessa.
Duvessa is severely wounded.
You barely miss Dowan. Duvessa hits you but does no damage.
You block Dowan's attack. Duvessa barely misses you.
You closely miss Duvessa.
Duvessa is severely wounded.
You miss Dowan.
Duvessa hits you with a +0 vampiric short sword.
You die...

#....#'###.###
#######..)..####
#.....'.....#
#.....#.....#
#.....#.....#
#####'#.....#
#.##+#....
#....#....#
#.@..#....#
#.ee.# .. ##...#
#...# ....#
....+ ....#
#....#


You could see Duvessa (fast) and Dowan.

Vanquished Creatures
  An ogre (D:4)
  A jelly (D:3)
  3 adders
  A worm (D:2)
  3 dart slugs (D:3)
  An orc (D:3)
  5 endoplasms
  A giant cockroach (D:1)
  5 goblins
  3 hobgoblins
  5 quokkas
  4 ball pythons
  3 bats
  6 frilled lizards
  6 kobolds
  4 rats (D:1)
  A spectral hobgoblin (D:1)
53 creatures vanquished.

Notes
Turn   | Place    | Note
-------+----------+-------------------------------------------
     0 | D:1      | qw the Gargoyle Fighter began the quest for the Orb.
     0 | D:1      | Reached XP level 1. HP: 14/14 MP: 1/1
     0 | D:1      | 0 ||| qw: Version: 0.3-a-9-g12657ce
     0 | D:1      | 0 ||| qw: Game counter: 1475
     0 | D:1      | 0 ||| qw: Always use a shield: true
     0 | D:1      | 0 ||| qw: God list: Okawaru
     0 | D:1      | 0 ||| qw: Allow faded altars: false
     0 | D:1      | 0 ||| qw: Do Orc after D:15 true
     0 | D:1      | 0 ||| qw: Do second Lair branch before Depths: true
     0 | D:1      | 0 ||| qw: Lair rune preference: random
     0 | D:1      | 0 ||| qw: Plans: Normal, Zot:1-4, Slime:5, God:TSO, Crypt,
                  | Tomb, Abyss, Pan, Hells, Win
     0 | D:1      | 0 ||| PLANNING D:1-11
    94 | D:1      | Reached skill level 2 in Axes
   179 | D:1      | 179 ||| Stepping ~*~*~tactically~*~*~ (stealth).
   181 | D:1      | 181 ||| Stepping ~*~*~tactically~*~*~ (stealth).
   198 | D:1      | Reached XP level 2. HP: 19/19 MP: 2/2
   435 | D:1      | Found a faded altar of an unknown god.
   533 | D:1      | Reached skill level 3 in Axes
   589 | D:1      | Reached XP level 3. HP: 23/23 MP: 3/3
   875 | D:1      | 875 ||| READING scroll labelled QIULOECZYT.
   876 | D:1      | 876 ||| READING 2 scrolls labelled APRUKAIZOM.
  1273 | D:2      | 1273 ||| Stepping ~*~*~tactically~*~*~ (stealth).
  1274 | D:2      | 1274 ||| Stepping ~*~*~tactically~*~*~ (stealth).
  1632 | D:2      | Found Heewkud's Weapon Boutique.
  1638 | D:2      | 1638 ||| BUYING +0 flail (45 gold).
  1638 | D:2      | Bought a +0 flail for 45 gold pieces
  1638 | D:2      | 1638 ||| DROPPING +0 whip.
  1832 | D:2      | 1832 ||| UPGRADING to +0 plate armour.
  1842 | D:2      | 1842 ||| DROPPING +0 scale mail.
  1843 | D:2      | 1843 ||| UPGRADING to +0 pair of boots.
  1848 | D:2      | 1848 ||| READING scroll labelled SABRIEPIEK.
  1892 | D:3      | 1892 ||| Stepping ~*~*~tactically~*~*~ (stealth).
  1894 | D:3      | 1894 ||| Stepping ~*~*~tactically~*~*~ (hiding).
  1896 | D:3      | 1896 ||| Stepping ~*~*~tactically~*~*~ (hiding).
  1898 | D:3      | 1898 ||| Stepping ~*~*~tactically~*~*~ (hiding).
  1900 | D:3      | Reached XP level 4. HP: 28/28 MP: 4/4
  2085 | D:3      | 2085 ||| Stepping ~*~*~tactically~*~*~ (hiding).
  2096 | D:3      | Reached skill level 4 in Axes
  2220 | D:3      | 2220 ||| Stepping ~*~*~tactically~*~*~ (stealth).
  2221 | D:3      | 2221 ||| Stepping ~*~*~tactically~*~*~ (stealth).
  2370 | D:3      | 2370 ||| READING scroll labelled GEUMIOKKIGUSK.
  2371 | D:3      | 2371 ||| READING 2 scrolls labelled TAAJAO ROESMIE.
  2372 | D:3      | 2372 ||| DROPPING scroll of poison.
  2413 | D:4      | 2413 ||| STAIRDANCE
  2432 | D:4      | Noticed an ogre
  2440 | D:4      | Killed an ogre
  2441 | D:4      | Reached skill level 5 in Axes
  2441 | D:4      | Reached XP level 5. HP: 32/32 MP: 5/5
  2507 | D:4      | Noticed Duvessa
  2507 | D:4      | Noticed Dowan
  2518 | D:4      | HP: 2/32 [Duvessa/+0 vampiric short sword (9)]
  2520 | D:4      | Slain by Duvessa

Levels and vault maps discovered:
D:1:      dpeg_arrival_castle, layout_basic,
          dreamdust_ecumenical_altar_drowned_temple
D:2:      layout_loops_corners, serial_shops, nicolae_shop_bloodbath_and_beyond
D:3:      layout_rooms
D:4:      layout_gridville, lemuel_doored_altar, ebering_ghost_sewer_f,
          uniq_duvessa

Skill      XL: |  1  2  3  4 |
---------------+-------------+-----
Axes           | 2 3 5 |  5.3
Fighting       | |  3.3
Armour         | |  3.2
Shields        | |  3.2

Action                     |  1- 3 |  4- 6 || total
---------------------------+-------+-------++-------
  Melee: War axe           |   106 |    45 ||   151
    Use: Scroll            |     3 |     2 ||     5
 Armour: Scale mail        |    55 |       ||    55
         Plate armour      |       |    35 ||    35
  Dodge: Dodged            |    22 |    14 ||    36
  Block: Buckler           |    18 |     5 ||    23

Table legend:
 A = Non-vault XP
 B = Vault XP
 C = Vault XP percentage of total XP
 D = Non-vault monster count
 E = Vault monster count
 F = Vault count percentage of total count
                 A         B        C        D         E       F
            +---------+---------+-------+---------+---------+-------
      Total |     289 |       1 |   0.3 |      52 |       1 |   1.9
            +---------+---------+-------+---------+---------+-------
        D:1 |      34 |       1 |   2.9 |      23 |       1 |   4.2
        D:2 |      44 |       0 |   0.0 |      12 |       0 |   0.0
        D:3 |      83 |       0 |   0.0 |      14 |       0 |   0.0
        D:4 |     128 |       0 |   0.0 |       3 |       0 |   0.0
            +---------+---------+-------+---------+---------+-------
